 Dungeon Crawl Stone Soup version 0.19.5 (webtiles) character file.

42 Santreim the Sneak (level 3, 0/25 HPs)
             Began as an Octopode Assassin on Mar 20, 2017.
             Succumbed to an adder's poison
             ... on level 2 of the Dungeon.
             The game lasted 00:02:49 (1126 turns).

Santreim the Sneak (Octopode Assassin)              Turns: 1126, Time: 00:02:49

Health: 0/25       AC:  1    Str: 10    XL:     3   Next: 56%
Magic:  3/3        EV: 13    Int: 13    God:
Gold:   76         SH:  0    Dex: 14    Spells: 0 memorised, 2 levels left

rFire  . . .     SeeInvis .     a - +2 dagger
rCold  . . .     Gourm    .     (no shield)
rNeg   . . .     Faith    .     (helmet restricted)
rPois  .         Spirit   .     (no amulet)
rElec  .         Reflect  .     e - ring of resist corrosion
rCorr  +         Harm     .     k - ring of stealth
MR     .....                    (no ring)
Stlth  +++++.....               (no ring)
                                (no ring)
                                (no ring)
                                (no ring)
                                (no ring)

@: lethally poisoned (0 -> -3)
A: almost no armour, stealthy swim, amphibious, 8 rings, constrict 8, camouflage
1, gelatinous body 1
a: no special abilities


You were on level 2 of the Dungeon.
You were not hungry.

You visited 1 branch of the dungeon, and saw 2 of its levels.

You collected 76 gold pieces.

Inventory:

Hand Weapons
 a - a +2 dagger (weapon)
 b - a +0 blowgun
Missiles
 c - 16 poisoned needles
 d - 2 curare-tipped needles
Jewellery
 e - a ring of resist corrosion (left tentacle)
 k - a ring of stealth (right tentacle)
Scrolls
 i - a scroll of enchant weapon {unknown}
 j - a scroll of identify {unknown}
 m - a scroll of remove curse {unknown}
 q - a scroll of fear {unknown}
Potions
 h - a potion of might {unknown}
 p - 2 potions of curing {unknown}
Comestibles
 f - 2 bread rations
 g - a meat ration
 l - a slice of pizza
 n - a chunk of flesh
 o - 4 fruits


   Skills:
 + Level 2.3 Fighting
 + Level 2.2 Short Blades
 + Level 2.1 Throwing
 + Level 1.2 Dodging
 + Level 6.5 Stealth


You had 2 spell levels left.
You didn't know any spells.

Dungeon Overview and Level Annotations

Branches:
Dungeon (2/15)

Altars:
Ashenzari


Innate Abilities, Weirdness & Mutations

You cannot wear most types of armour.
You are very stealthy in the water. (Stealth+)
You are amphibious.
You can wear up to eight rings at the same time.
You can use your tentacles to constrict eight enemies at once.
Your skin changes colour to match your surroundings (Stealth+).
Your rubbery body absorbs attacks. (AC +1, EV +1)


Message History

You completely miss the worm. You squeeze the worm, but do no damage.
The worm is lightly wounded.
You constrict the worm. The worm bites you!
You hit the worm.
The worm is lightly wounded.
You constrict the worm. You hit the worm.
The worm is heavily wounded.
You constrict the worm.
You feel sick. The worm bites you!
* * * LOW HITPOINT WARNING * * *
You hit the worm.
The worm is heavily wounded.
You constrict the worm. You hit the worm.
The worm is almost dead.
You constrict the worm.
You kill the worm!
A frilled lizard comes into view.
Found a shattered altar of Ashenzari.
You die...

##..#.# ...# ..#
...##.## #. ...# ##.#
####... # .. ... ...
.###.# ..# .#+##.⌠ ..#
.##..#...## #...#.##.#
.......#... #...#....##
....#..# #.. ...#.....#
..### .# #.###.#.###..#
..# # #.....@.# .# #.#
###.#.### #.## #...#
...### ##..# .)...#
######.########
...#<####..............
####......#....########
# ###....#....#
####....#.#....#


There were no monsters in sight!

Vanquished Creatures
  An adder (D:2)
  An ooze (D:1)
  A worm (D:2)
  6 bats
  2 goblins (D:1)
  3 hobgoblins (D:1)
  2 kobolds (D:1)
  A ball python (D:1)
  11 frilled lizards
  A rat (D:1)
29 creatures vanquished.

Notes
Turn   | Place    | Note
-------+----------+-------------------------------------------
     0 | D:1      | Santreim the Octopode Assassin began the quest for the Orb.
     0 | D:1      | Reached XP level 1. HP: 14/14 MP: 1/1
    97 | D:1      | Reached XP level 2. HP: 2/19 MP: 2/2
   521 | D:1      | Reached skill level 6 in Stealth
   743 | D:1      | Reached XP level 3. HP: 24/24 MP: 3/3
  1121 | D:2      | HP: 1/25 [worm (10)]
  1124 | D:2      | Found a shattered altar of Ashenzari.
  1126 | D:2      | Succumbed to an adder's poison

Skill      XL: |  1  2 |
---------------+-------+-----
Stealth        | 6 |  6.5
Fighting       | |  2.3
Short Blades   | |  2.2
Throwing       | |  2.1
Dodging        | |  1.2

Action                   || total
-------------------------++-------
Melee: Dagger            ||    52
       Constrict         ||     9
       Tentacles         ||     8
 Stab: Sleeping          ||     5
       Distracted        ||     1
  Eat: Chunk             ||     1
Armor: Skin              ||     1
Dodge: Dodged            ||    29
